 Dungeon Crawl Stone Soup version 0.27.1-4-g1640c2035a (webtiles) character file.

Game seed: 4104080849267990062

101 BOMJPIETVODKU the Digger (level 4, 0/27 HPs)
             Began as an Octopode Earth Elementalist on Nov 5, 2021.
             Constricted to death by a ball python (1 damage)
             ... on level 4 of the Dungeon.
             The game lasted 00:04:51 (3130 turns).

BOMJPIETVODKU the Digger (OpEE)                     Turns: 3130, Time: 00:04:52

Health: 0/27       AC:  1    Str:  7    XL:     4   Next: 75%
Magic:  8/8        EV: 10    Int: 18    God:
Gold:   57         SH:  0    Dex: 12    Spells: 8/9 levels left

rFire    . . .     SeeInvis .   d - staff of conjuration
rCold    . . .     Faith    .   (no shield)
rNeg     . . .     Spirit   .   (helmet restricted)
rPois    .         Reflect  .   (no amulet)
rElec    .         Harm     .   (no ring)
rCorr    .         Rampage  .   (no ring)
Will     .....                  (no ring)
Stlth    ++........             (no ring)
HPRegen  0.09/turn              (no ring)
MPRegen  0.11/turn              (no ring)
                                (no ring)
                                (no ring)

@: confused, lethally poisoned (0 -> -6), ambrosia-drunk, constricted
A: almost no armour, amphibious, 8 rings, camouflage 1, gelatinous body 1,
(nimble swimmer 1), tentacles
a: no special abilities


You were on level 4 of the Dungeon.
You visited 1 branch of the dungeon, and saw 4 of its levels.

You collected 57 gold pieces.

Inventory:

Missiles
 b - 50 stones
Magical Staves
 d - a staff of conjuration (weapon)
Scrolls
 c - a scroll of teleportation {unknown}
 h - 3 scrolls of identify {unknown}
 i - a scroll of amnesia {unknown}
 j - a scroll of immolation {unknown}
 k - a scroll of enchant armour {unknown}
 l - a scroll of blinking {unknown}
 m - a scroll of magic mapping {unknown}
Potions
 e - a potion of heal wounds {unknown}
 f - a potion of degeneration {unknown}
 g - a potion of attraction {unknown}


   Skills:
 + Level 0.5 Fighting
 + Level 2.5 Dodging
 + Level 3.3 Stealth
 * Level 3.0 Spellcasting
 - Level 1.0 Transmutations
 + Level 3.9 Earth Magic


You had 8 spell levels left.
You knew the following spells:

 Your Spells              Type           Power      Damage    Failure   Level
a - Sandblast             Erth           32%        2d9       3%          1

Your spell library contained the following spells:

 Spells                   Type           Power      Damage    Failure   Level
 Passwall                 Tmut/Erth      9%         N/A       9%          2
 Stone Arrow              Conj/Erth      28%        3d8       22%         3
 Static Discharge         Conj/Air       4%         N/A       24%         2
 Petrify                  Tmut/Erth      11%        N/A       52%         4
 Dispel Undead            Necr           2%         3d7       85%         4
 Sticky Flame             Conj/Fire      4%         2d3       85%         4


Dungeon Overview and Level Annotations

Branches:
Dungeon (4/15)
 Temple: D:4-7

Altars:
Fedhas
Makhleb
Ru
Trog


Innate Abilities, Weirdness & Mutations

You cannot wear most types of armour.
You are amphibious.
You can wear up to eight rings at the same time.
Your skin changes colour to match your surroundings (Stealth+).
Your rubbery body absorbs attacks. (AC +1, EV +1)
((You are camouflaged near water. (Stealth+)))
You have tentacles for arms and can constrict up to eight enemies at once.


Message History

The blast of sand hits the scorpion but does no damage.
The blast of sand hits the scorpion.
The scorpion is moderately wounded.
You miscast Sandblast.
You are very lightly contaminated with residual magic.
Nothing appears to happen.
The scorpion closely misses you. The scorpion stings you!
You are poisoned.
The scorpion poisons you!
The blast of sand misses the scorpion.
You feel sick. The scorpion misses you.
The blast of sand misses the scorpion.
You feel sick. The scorpion stings you.
You are lethally poisoned!
The scorpion poisons you!
You are too injured to fight recklessly!
* * * LOW HITPOINT WARNING * * *
You feel very sick.
The ball python hisses angrily.
* * * LOW HITPOINT WARNING * * *
You feel very sick.
* * * LOW HITPOINT WARNING * * *
You feel very sick.
There is a stone staircase leading up here.
You can't go down here!
It was a potion of ambrosia.
You are confused.
You feel invigorated.
* * * LOW HITPOINT WARNING * * *
You feel sick. The scorpion barely misses you.
The ball python closely misses you. The ball python grabs you.
The ball python constricts you.
* * * LOW HITPOINT WARNING * * *
The scorpion barely misses you.
Your magical contamination has completely faded away.
You escape the ball python's grasp.
* * * LOW HITPOINT WARNING * * *
You feel sick. The scorpion barely misses you. The ball python bites you.
* * * LOW HITPOINT WARNING * * *
The ball python grabs you.
You stop ascending the stairs.
The ball python constricts you.
You die...

.... ..# ..# .
# ..# #.#.
##.## ... ...
#.##.### ..
#.##...@S.#....
.......s.....#
#.###.#.###....
......(..# ##.
#.####...#
.......
.....>.....
#.#.###..####.#
# #. #..# #


You could see a scorpion and a ball python.

Vanquished Creatures
  3 adders
  2 dart slugs
  An orc (D:3)
  8 endoplasms
  5 giant cockroaches
  7 goblins
  8 hobgoblins
  6 kobolds
  2 quokkas (D:1)
  8 ball pythons
  5 bats
  3 frilled lizards (D:1)
  4 rats
62 creatures vanquished.

Notes
Turn   | Place    | Note
-------+----------+-------------------------------------------
     0 | D:1      | BOMJPIETVODKU the Octopode Earth Elementalist began the
                  | quest for the Orb.
     0 | D:1      | Reached XP level 1. HP: 11/11 MP: 3/3
   385 | D:1      | Reached XP level 2. HP: 17/17 MP: 5/5
  1099 | D:1      | Reached XP level 3. HP: 15/21 MP: 6/6
  1212 | D:1      | Found a faded altar of an unknown god.
  2244 | D:2      | Reached XP level 4. HP: 27/27 MP: 4/8
  2448 | D:3      | Found a bloodstained altar of Trog.
  2756 | D:3      | Found a burning altar of Makhleb.
  2756 | D:3      | Found a sacrificial altar of Ru.
  2825 | D:3      | Found a blossoming altar of Fedhas.
  3117 | D:4      | Noticed a scorpion
  3128 | D:4      | HP: 1/27 [poisoned by a scorpion]
  3130 | D:4      | Constricted to death by a ball python

Illustrated notes

Levels and vault maps discovered:
D:1:      minmay_arrival_radiant_lines, layout_loops_ring,
          hellmonk_ecumenical_altar_pennies_from_heaven
D:2:      layout_basic
D:3:      layout_rooms, fedhas_altar_4, gammafunk_temple_overflow_elements,
          trog_book
D:4:      layout_basic, uniq_eustachio

Skill      XL: |  1  2  3  4 |
---------------+-------------+-----
Stealth        | 3 |  3.3
Spellcasting   | 3 |  3.0
Fighting       | |  0.5
Dodging        | |  2.5
Transmutations | |  1.0
Earth Magic    | |  3.9

Action                   |  1- 3 |  4- 6 || total
-------------------------+-------+-------++-------
Melee: Unarmed           |     8 |       ||     8
       Constrict         |    12 |     3 ||    15
       Staff             |    59 |    11 ||    70
       Tentacles         |     9 |     1 ||    10
 Cast: Sandblast         |    25 |    30 ||    55
  Use: Potion            |       |     1 ||     1
 Stab: Sleeping          |     5 |     1 ||     6
Armor: Skin              |     4 |     2 ||     6
Dodge: Dodged            |    43 |    20 ||    63
